 Dungeon Crawl Stone Soup version 0.31-a0-187-gba352fbbf7 (webtiles) character file.

Game seed: 16594016018763032657

83 qw the Shooter (level 4, 0/25 HPs)
             Began as a Deep Elf Hunter on June 22, 2023.
             Slain by a gnoll
             ... wielding a +0 flail
              (3 damage)
             ... on level 2 of the Dungeon.
             The game lasted 00:00:26 (1061 turns).

qw the Shooter (Deep Elf Hunter)                    Turns: 1061, Time: 00:00:27

Health: 0/25       AC:  7    Str: 10    XL:     4   Next: 22%
Magic:  6/6        EV: 12    Int: 14    God:
Gold:   57         SH:  0    Dex: 18    Spells: 3/3 levels left

rFire   . . .        Y - +0 shortbow
rCold   . . .        (shield currently unavailable)
rNeg    . . .        c - +0 leather armour
rPois   .            (no helmet)
rElec   .            (no cloak)
rCorr   .            (no gloves)
SInv    .            (no boots)
Will    .....        a - amulet of faith
Stlth   ++           h - +4 ring of protection
HPRegen 0.24/turn    (no ring)
MPRegen 0.10/turn

%: faith
@: no status effects
A: no striking features
a: no special abilities


You were on level 2 of the Dungeon.
You visited 1 branch of the dungeon, and saw 2 of its levels.

You collected 57 gold pieces.


   Skills:
 - Level 1.5 Fighting
 + Level 7.6 Ranged Weapons
 - Level 2.4 Dodging
 - Level 1.2 Stealth


You had 3 spell levels left.
You didn't know any spells.
Your spell library was empty.

Inventory:

Hand Weapons
 Y - a +0 shortbow (weapon)
Armour
 c - a +0 leather armour (worn)
Jewellery
 a - an amulet of faith (around neck)
 h - a +4 ring of protection (left hand)
Scrolls
 b - a scroll of fear {unknown}
Potions
 d - a potion of haste {unknown}
 f - a potion of mutation {unknown}

Dungeon Overview and Level Annotations

Branches:
Dungeon (2/15)

Altars:


Message History

You shoot an arrow. The gnoll shouts!
The arrow hits the gnoll.
You kill the gnoll!
You have reached level 4!
You feel clever.
1048 ||| FLEEEEING.
1049 ||| FLEEEEING.
You shoot an arrow.
The arrow hits the gnoll but does no damage.
The gnoll is lightly wounded.
You shoot an arrow. The arrow hits the gnoll!
The gnoll is severely wounded.
The gnoll hits you with a +0 flail.
You shoot an arrow. The arrow closely misses the gnoll.
The gnoll misses you.
You shoot an arrow. The arrow hits the gnoll!
You kill the gnoll!
You shoot an arrow. The arrow hits the worm.
The worm is moderately wounded.
You shoot an arrow.
The arrow hits the worm but does no damage.
The worm is moderately wounded.
The worm bites you.
You shoot an arrow. The arrow barely misses the worm.
The worm barely misses you. The gnoll misses you.
You shoot an arrow. The arrow hits the worm.
The worm is heavily wounded.
The gnoll hits you with a +0 flail.
You shoot an arrow. The arrow hits the worm.
The worm is heavily wounded.
The worm closely misses you. The gnoll barely misses you.
You shoot an arrow. The arrow barely misses the worm.
The gnoll hits you with a +0 flail. The worm bites you!
You shoot an arrow. The arrow hits the worm!
The worm is severely wounded.
The gnoll misses you.
You shoot an arrow. The arrow hits the worm!
You kill the worm!
The gnoll hits you with a +0 flail.
You die...

###...### #...####........
#...............
#####..............
.>...............#
.................# .
............>......
#....g##..#..##.
#.....@).)).....
#...##..####.... #...###)#
# # #...# #.# #.##########
#..####.####. ..#.%....
#..#.......#.##.#.#####
########.#.8...8.#....#.##
#........#.......#.......#
#.###.####.8...8.#.#..#.##


You could see a gnoll.

Vanquished Creatures
  An adder (D:2)
  3 gnolls (D:2)
  2 worms
  2 dart slugs (D:1)
  An endoplasm (D:2)
  2 giant cockroaches
  4 goblins
  4 hobgoblins
  4 jackals (D:1)
  3 kobolds
  2 quokkas (D:1)
  3 ball pythons
  A frilled lizard (D:1)
  3 rats
35 creatures vanquished.

Notes
Turn   | Place    | Note
-------+----------+-------------------------------------------
     0 | D:1      | qw the Deep Elf Hunter began the quest for the Orb.
     0 | D:1      | Reached XP level 1. HP: 12/12 MP: 3/3
     0 | D:1      | 0 ||| qw: Version: 0.3-a-9-g12657ce
     0 | D:1      | 0 ||| qw: Game counter: 2405
     0 | D:1      | 0 ||| qw: Always use a shield: true
     0 | D:1      | 0 ||| qw: God list: Okawaru
     0 | D:1      | 0 ||| qw: Allow faded altars: false
     0 | D:1      | 0 ||| qw: Do Orc after D:15 true
     0 | D:1      | 0 ||| qw: Do second Lair branch before Depths: true
     0 | D:1      | 0 ||| qw: Lair rune preference: random
     0 | D:1      | 0 ||| qw: Plans: Normal
     0 | D:1      | 0 ||| PLANNING D:1-11
   163 | D:1      | Reached XP level 2. HP: 16/16 MP: 4/4
   168 | D:1      | Reached skill level 6 in Ranged Weapons
   178 | D:1      | HP: 3/16 [frilled lizard (3)]
   386 | D:1      | You fall into a shaft and drop 1 floor!
   387 | D:2      | 387 ||| DROPPING ring of wizardry.
   388 | D:2      | 388 ||| UPGRADING to +4 ring of protection.
   389 | D:2      | 389 ||| READING scroll labelled JYC PUNUTUAD.
   390 | D:2      | 390 ||| DROPPING scroll of butterflies.
   705 | D:1      | 705 ||| UPGRADING to amulet of faith.
   710 | D:1      | 710 ||| READING scroll labelled TUNENWY UTWI.
   811 | D:1      | 811 ||| READING scroll labelled RYFONO QUIGEFO.
   849 | D:2      | 849 ||| STAIRDANCE
   854 | D:1      | Reached XP level 3. HP: 18/20 MP: 5/5
   909 | D:2      | Reached skill level 7 in Ranged Weapons
  1048 | D:2      | Reached XP level 4. HP: 22/25 MP: 6/6
  1048 | D:2      | 1048 ||| FLEEEEING.
  1049 | D:2      | 1049 ||| FLEEEEING.
  1059 | D:2      | HP: 2/25 [worm (7)]
  1061 | D:2      | Slain by a gnoll

Levels and vault maps discovered:
D:1:      eino_arrival_water_star, layout_loops_ring, skrybe_limestone_x
D:2:      layout_loops_cross, wad_floor_pattern_2, grunt_ministairs_3,
          guppyfry_early_lair_pool, uniq_jessica

Skill      XL: |  1  2  3 |
---------------+----------+-----
Ranged Weapons | 6 7 |  7.6
Fighting       | |  1.5
Dodging        | |  2.4
Stealth        | |  1.2

Action                     |  1- 3 |  4- 6 || total
---------------------------+-------+-------++-------
   Fire: Shortbow          |   100 |    12 ||   112
    Use: Scroll            |     3 |       ||     3
 Armour: Leather armour    |    22 |       ||    22
  Dodge: Dodged            |    39 |     6 ||    45

Table legend:
 A = Non-vault XP
 B = Vault XP
 C = Vault XP percentage of total XP
 D = Non-vault monster count
 E = Vault monster count
 F = Vault count percentage of total count
                 A         B        C        D         E       F
            +---------+---------+-------+---------+---------+-------
      Total |     122 |       2 |   1.6 |      33 |       2 |   5.7
            +---------+---------+-------+---------+---------+-------
        D:1 |      44 |       0 |   0.0 |      20 |       0 |   0.0
        D:2 |      78 |       2 |   2.5 |      13 |       2 |  13.3
            +---------+---------+-------+---------+---------+-------
